 Dungeon Crawl Stone Soup version 0.23-a0-143-g1adec7bb76 (webtiles) character file.

64889 Rrauwl the Bludgeoner (level 15, -5/153 HPs)
             Began as an Ogre Monk on Aug 30, 2018.
             Was an Initiate of Gozag.
             Slain by an ettin
             ... wielding a +0 dire flail
              (43 damage)
             ... on level 1 of the Orcish Mines on Sept 2, 2018.
             The game lasted 01:35:36 (30376 turns).

Rrauwl the Bludgeoner (Ogre Monk)                  Turns: 30376, Time: 01:35:37

Health: -5/153     AC:  6    Str: 22 (24) XL:     15   Next: 14%
Magic:  25/25      EV: 15    Int:  8 (11) God:    Gozag
Gold:   1411       SH:  0    Dex: 11      Spells: 19/28 levels left

rFire    + + +     SeeInvis .   c - +1 great mace (holy)
rCold    + . .     Gourm    .   (shield currently unavailable)
rNeg     . . .     Faith    .   s - +3 robe "Hidobra" {MR+}
rPois    +         Spirit   .   v - +1 hat of the Midnight Sun {rF++}
rElec    .         Reflect  .   w - scarf {rC+ rF+}
rCorr    .         Harm     .   (gloves unavailable)
MR       ++...                  (boots unavailable)
Stlth    ++........             M - amulet of regeneration
HPRegen  0.75/turn              F - ring of poison resistance
MPRegen  0.19/turn              j - +3 ring of evasion

@: gold aura, drained
A: large, unfitting armour, deformed body, deterioration 1, mutation resistance
1, tough skin 1
a: Potion Petition, Call Merchant, Bribe Branch, Renounce Religion


You were on level 1 of the Orcish Mines.
You worshipped Gozag.
Gozag was most pleased with you.
You were not hungry.

You visited 4 branches of the dungeon, and saw 23 of its levels.

You collected 6178 gold pieces.
You spent 2119 gold pieces at shops.
You paid 2648 gold pieces to Gozag.

Inventory:

Hand Weapons
 a - a +1 giant spiked club
 c - a +1 great mace of holy wrath (weapon)
 N - the +5 quarterstaff "Caente" {crush, +Blink Int+4}
   (You found it on level 5 of the Dungeon)

   It inflicts extra damage upon your enemies.
   It affects your intelligence (+4).
   It lets you blink.
Missiles
 n - 16 large rocks (quivered)
 q - 9 throwing nets
Armour
 s - the +3 robe "Hidobra" (worn) {MR+}
   (You found it on level 7 of the Dungeon)

   It affects your resistance to hostile enchantments.
 v - the +1 hat of the Midnight Sun (worn) {rF++}
   (You acquired it on level 6 of the Lair of Beasts)

   It greatly protects you from fire.
 w - a scarf of resistance (worn)
Jewellery
 j - a +3 ring of evasion (right hand)
 k - an uncursed ring of resist corrosion
 A - an uncursed ring of protection from cold
 F - a ring of poison resistance (left hand)
 H - an uncursed ring of positive energy
 I - an uncursed ring of see invisible
 M - an amulet of regeneration (around neck)
Wands
 p - a wand of enslavement (29)
 x - a wand of polymorph (29)
 y - a wand of random effects (33)
 z - a wand of paralysis (24)
 J - a wand of scattershot (1)
 K - a wand of iceblast (7)
 L - a wand of acid (6)
 O - a wand of flame (16)
Scrolls
 d - 2 scrolls of fear
 g - 2 scrolls of teleportation
 h - 17 scrolls of remove curse
 i - 21 scrolls of identify
 l - 4 scrolls of magic mapping
 r - a scroll of fog
 C - 2 scrolls of enchant armour
 R - a scroll of amnesia
Potions
 b - 2 potions of invisibility
 f - a potion of might
 m - 4 potions of flight
 o - 7 potions of haste
 u - 5 potions of curing
 B - a potion of cancellation
 E - a potion of magic
 P - 2 potions of heal wounds
 Q - 2 potions of agility
Miscellaneous
 t - a sack of spiders
 D - a phial of floods
 G - a lamp of fire
Comestibles
 e - 15 rations


   Skills:
 + Level 11.1(10.6) Fighting
 + Level 18.2(17.6) Maces & Flails
 - Level 7.0(6.6) Throwing
 - Level 2.0(1.6) Armour
 - Level 7.0(6.5) Dodging
 - Level 2.0(1.6) Stealth
 - Level 7.0(6.6) Spellcasting
 - Level 2.0(1.6) Charms
 - Level 2.1(1.7) Necromancy
 - Level 2.1(1.7) Translocations
 - Level 4.0(3.6) Evocations


You had 19 spell levels left.
You knew the following spells:

 Your Spells              Type           Power        Failure   Level  Hunger
a - Regeneration          Chrm/Necr      #.........   34%         3    ###....
b - Song of Slaying       Chrm           #.......     17%         2    ##.....
c - Blink                 Tloc           N/A          16%         2    ##.....
d - Animate Skeleton      Necr           N/A          11%         1    None
e - Apportation           Tloc           #.....       11%         1    None

Your spell library contained the following spells:

 Spells                   Type           Power        Failure   Level  Hunger
 Infusion                 Chrm           #...         12%         1    None
 Shroud of Golubria       Chrm/Tloc      #.........   17%         2    ##.....
 Beastly Appendage        Tmut           #.....       22%         1    None
 Confusing Touch          Hex            #.....       22%         1    None
 Magic Dart               Conj           #...         22%         1    None
 Summon Small Mammal      Summ           #...         22%         1    None
 Call Imp                 Summ           #.......     34%         2    ##.....
 Searing Ray              Conj           #.....       34%         2    ##.....
 Slow                     Hex            #.......     34%         2    ##.....
 Sticks to Snakes         Tmut           #.......     34%         2    ##.....
 Spectral Weapon          Hex/Chrm       #.......     43%         3    ###....
 Conjure Flame            Conj/Fire      #.......     56%         3    ###....
 Dazzling Spray           Conj/Hex       #.....       56%         3    ###....
 Mephitic Cloud           Conj/Pois/Air  #.......     56%         3    ###....
 Spider Form              Tmut/Pois      #.........   56%         3    ###....
 Force Lance              Conj/Tloc      #.......     83%         4    ####...
 Fulminant Prism          Conj/Hex       #.........   92%         4    ####...
 Ice Form                 Ice/Tmut       #.......     92%         4    ####...
 Iskenderun's Mystic Bla  Conj           #.......     92%         4    ####...
 Blade Hands              Tmut           #.........   99%         5    ######.
 Bolt of Magma            Conj/Fire/Erth #.........   99%         5    ######.
 Iskenderun's Battlesphe  Conj/Chrm      #.......     99%         5    ######.
 Venom Bolt               Conj/Pois      #.........   99%         5    ######.
 Iron Shot                Conj/Erth      #.........   100%        6    #######
 Orb of Destruction       Conj           #.........   100%        7    #######
 Spellforged Servitor     Conj/Summ      #.........   100%        7    #######


Dungeon Overview and Level Annotations

Branches:
Dungeon (14/15)            Temple (1/1) D:5            Lair (6/6) D:9
 Shoals (0/4) Lair:3       Spider (0/4) Lair:3        Slime (0/5) Lair:6
    Orc (2/2) D:10         Vaults (0/5) D:13
    Elf: Orc:2

Altars:
Ashenzari
Cheibriados
Dithmenos
Elyvilon
Fedhas
Gozag
Hepliaklqana
Kikubaaqudgha
Makhleb
Nemelex Xobeh
Okawaru
Qazlal
Ru
Sif Muna
Trog
Uskayaw
Vehumet
Wu Jian
Xom
Yredelemnul
Zin
The Shining One
Beogh

Shops:
D:10 !([   D:13 :==}[   Lair:1 (*[

Annotations:
D:14 exclusions: obsidian statue and orange crystal statue
Lair:4 2 runed doors, Ysmampeo's ghost, journeyman DEWz


Innate Abilities, Weirdness & Mutations

You are too large for most types of armour.
You have tough skin. (AC +1)
Armour fits poorly on your strangely shaped body.
Your body sometimes deteriorates upon taking damage.
You are somewhat resistant to further mutation.


Message History

Your body deteriorates!
You feel dopey. The ettin hits you with a dire flail!!
Your body deteriorates!
You feel weakened.
You hear a shout!
There is a stone staircase leading up here.
The ettin barely misses you. The ettin hits you with a dire flail!!!
* * * LOW HITPOINT WARNING * * *
Your body deteriorates!
You feel weakened.
You hear a shout!
You climb upwards.
There is a stone staircase leading down here.
Evoke which item? (* to show all) (? for menu, Esc to quit)
Aiming: Scattershot
Press: ? - help, Shift-Dir - straight line, f - ettin
Aim: an ettin, wielding two dire flails The burst of metal fragments hits the ettin. x7
The ettin is moderately wounded.
The ettin hits you with a dire flail!!!
You die...
Your body crumbles into a pile of gold.

########## ###
##..##.#..###.##
##..........#...#
#..............##
##.##....#......#
##.#............##
#..........@C....#
#...............##
##.#.............#
##.#...........##
###).......#......#
##.#<)............##
#.................##
##.#..##...........#
$
###....#.......#.##


You could see an ettin.

Vanquished Creatures
  Nessos (Lair:6)
  Fannar (Lair:2)
  4 vault guards (D:13)
  3 hydras (Lair:6)
  3 centaur warriors (D:13)
  A queen ant (D:11)
  4 two-headed ogres
  An orc high priest (D:13)
  A death yak (Lair:6)
  4 skeletal warriors (D:9)
  7 slime creatures
  2 unseen horrors (D:10)
  An ugly thing (D:11)
  A deep elf mage (D:14)
  A manticore (D:14)
  3 orc sorcerers
  2 cyclopes
  A merfolk siren (Lair:3)
  Joseph (D:9)
  2 black mambas
  2 gargoyles
  10 spiny frogs
  8 komodo dragons
  2 rime drakes
  2 tengu conjurers (D:14)
  5 trolls
  5 polar bears
  8 hornets
  7 dream sheep (Lair:6)
  20 blink frogs
  11 hippogriffs
  12 spriggans (Lair:6)
  4 hogs (D:8)
  A wraith (D:11)
  2 wyverns
  28 yaks
  5 basilisks
  A human (D:8)
  2 hungry ghosts
  4 vampire mosquitoes (D:13)
  21 soldier ants
  13 water moccasins
  Duvessa (D:6)
  5 porcupines
  3 black bears
  An eye of draining (D:13)
  6 ice beasts
  2 phantoms
  7 orc warriors
  5 sky beasts
  5 ogres
  5 boggarts (Lair:6)
  14 centaurs
  32 wolves
  9 crocodiles
  Blork the orc (D:5)
  A big kobold (D:8)
  16 bullfrogs
  3 gnoll sergeants (D:10)
  Dowan (D:6)
  2 wyvern skeletons
  13 scorpions
  4 killer bees
  6 howler monkeys
  2 electric eels (D:10)
  A bullfrog zombie (D:10)
  4 crimson imps
  A centaur zombie (D:11)
  10 hounds
  4 quasits
  5 jellies
  Crazy Yiuf (D:3)
  5 orc priests
  A bullfrog skeleton (D:4)
  4 centaur skeletons
  13 orc wizards
  2 gnoll shamans (D:10)
  An iguana (D:6)
  28 worker ants
  A hound zombie (D:5)
  2 hound skeletons
  26 gnolls
  10 adders
  2 shadow imps
  2 oozes
  3 worms
  4 dart slugs
  3 leopard geckos
  50 orcs
  A ball python (D:1)
  7 giant cockroaches
  4 goblins
  5 hobgoblins
  23 jackals
  9 kobolds
  3 quokkas
  9 bats
  3 frilled lizards
  A giant cockroach zombie (D:5)
  A jackal skeleton (D:8)
  A jackal zombie (D:6)
  2 quokka skeletons
  10 rats
  A spectral orc (D:3)
  3 fungi
627 creatures vanquished.

Vanquished Creatures (others)
  A yak (Lair:2)
  2 gnolls
  24 fungi
  7 plants
34 creatures vanquished.

Grand Total: 661 creatures vanquished

Notes
Turn   | Place    | Note
-------+----------+-------------------------------------------
     0 | D:1      | Rrauwl the Ogre Monk began the quest for the Orb.
     0 | D:1      | Reached XP level 1. HP: 24/24 MP: 1/1
   243 | D:1      | Reached XP level 2. HP: 22/32 MP: 2/2
   366 | D:1      | Reached skill level 3 in Maces & Flails
   370 | D:1      | Reached XP level 3. HP: 20/40 MP: 3/3
  1094 | D:2      | Reached XP level 4. HP: 14/49 MP: 4/4
  1116 | D:2      | Reached skill level 5 in Fighting
  1960 | D:2      | Found a snail-covered altar of Cheibriados.
  2229 | D:3      | Reached XP level 5. HP: 57/57 MP: 5/5
  2351 | D:3      | Found a stormy altar of Qazlal.
  2367 | D:3      | Found a glowing silver altar of Zin.
  2411 | D:3      | Found a basalt altar of Yredelemnul.
  2522 | D:3      | Found a runed door.
  2614 | D:3      | Noticed Crazy Yiuf
  2619 | D:3      | Killed Crazy Yiuf
  2619 | D:3      | Reached skill level 4 in Maces & Flails
  3220 | D:4      | Found an ancient bone altar of Kikubaaqudgha.
  3335 | D:4      | Found a hazy altar of Hepliaklqana.
  3425 | D:4      | Found a shadowy altar of Dithmenos.
  3757 | D:5      | Entered Level 5 of the Dungeon
  3757 | D:5      | Noticed a centaur
  3811 | D:5      | Found an opulent altar of Gozag.
  3812 | D:5      | Noticed an ice beast
  3832 | D:5      | Killed an ice beast
  3832 | D:5      | Reached skill level 1 in Evocations
  3832 | D:5      | Reached XP level 6. HP: 68/68 MP: 6/6
  3859 | D:5      | Became a worshipper of Gozag Ym Sagoz the Greedy
  3921 | D:5      | Noticed Blork the orc
  3924 | D:5      | Reached XP level 7. HP: 25/76 MP: 8/8
  3936 | D:5      | Killed Blork the orc
  3996 | D:6      | Found a shattered altar of Ashenzari.
  4297 | D:5      | Got a translucent quarterstaff
  4298 | D:5      | Identified the +5 quarterstaff "Caente" {crush, +Blink
                  | Int+4} (You found it on level 5 of the Dungeon)
  4343 | D:5      | Reached skill level 5 in Maces & Flails
  4538 | D:5      | Reached XP level 8. HP: 65/88 MP: 9/9
  4608 | D:5      | Found a staircase to the Ecumenical Temple.
  4624 | Temple   | Entered the Ecumenical Temple
  5139 | D:5      | Found a bloodstained altar of Trog.
  5182 | D:5      | Reached skill level 6 in Maces & Flails
  5870 | D:6      | Noticed Duvessa
  5870 | D:6      | Noticed Dowan
  5880 | D:6      | Killed Duvessa
  5887 | D:6      | Reached skill level 7 in Maces & Flails
  5906 | D:6      | Killed Dowan
  5906 | D:6      | Reached skill level 10 in Fighting
  5906 | D:6      | Reached XP level 9. HP: 93/101 MP: 10/10
  5993 | D:6      | Found a hide-covered altar of Uskayaw.
  6346 | D:7      | Reached skill level 8 in Maces & Flails
  6443 | D:7      | Reached skill level 9 in Maces & Flails
  6709 | D:7      | Got an ichor-stained robe
  6720 | D:7      | Identified the +3 robe "Hidobra" {MR+} (You found it on
                  | level 7 of the Dungeon)
  6856 | D:7      | Found an iron altar of Okawaru.
  6904 | D:7      | Found a shattered altar of Ashenzari.
  7325 | D:8      | Reached skill level 1 in Armour
  7645 | D:8      | Reached XP level 10. HP: 88/110 MP: 11/11
  7688 | D:8      | Noticed a two-headed ogre
  7756 | D:8      | Reached skill level 10 in Maces & Flails
  7991 | D:8      | Found the +7 Singing Sword
  8000 | D:8      | Reached skill level 11 in Maces & Flails
  8424 | D:9      | Found a staircase to the Lair.
  8824 | D:9      | Noticed a skeletal warrior
  8824 | D:9      | Noticed a skeletal warrior
  8824 | D:9      | Noticed a skeletal warrior
  8824 | D:9      | Noticed a skeletal warrior
  8844 | D:9      | Killed a skeletal warrior
  8844 | D:9      | Reached skill level 12 in Maces & Flails
  8856 | D:9      | Killed a skeletal warrior
  8858 | D:9      | Killed a skeletal warrior
  8858 | D:9      | Reached XP level 11. HP: 12/117 MP: 12/12
  9291 | D:9      | Noticed a skeletal warrior
  9311 | D:9      | Killed a skeletal warrior
  9311 | D:9      | Reached skill level 13 in Maces & Flails
  9483 | D:9      | Noticed Joseph
  9499 | D:9      | Killed Joseph
 10125 | Lair:1   | Entered Level 1 of the Lair of Beasts
 10317 | Lair:1   | Found a labyrinth entrance.
 11480 | Lair:2   | Reached skill level 14 in Maces & Flails
 11881 | Lair:2   | Noticed Fannar
 11902 | Lair:2   | Killed Fannar
 12045 | Lair:2   | Reached XP level 12. HP: 121/126 MP: 15/15
 12293 | Lair:2   | Learned a level 3 spell: Regeneration
 12665 | Lair:3   | Reached skill level 1 in Spellcasting
 12679 | Lair:2   | Reached skill level 1 in Charms
 12679 | Lair:2   | Reached skill level 1 in Necromancy
 12863 | Lair:3   | Found a hole to the Spider Nest.
 13354 | Lair:3   | Identified the +2 robe "Idyiha" {rElec Stlth+} (You found
                  | it on level 3 of the Lair of Beasts)
 13639 | Lair:3   | Found a staircase to the Shoals.
 14883 | Lair:4   | Noticed a death yak
 15435 | Lair:4   | Found a large runed door.
 15435 | Lair:4   | Noticed Ysmampeo's ghost (journeyman DEWz)
 15452 | Lair:4   | Found a large runed door.
 15550 | Lair:3   | Reached skill level 15 in Maces & Flails
 16545 | Lair:1   | Bought a potion of curing for 105 gold pieces
 16545 | Lair:1   | Bought a wand of acid (11) for 280 gold pieces
 16545 | Lair:1   | Bought a fizzy dark potion for 31 gold pieces
 16578 | D:10     | Entered Level 10 of the Dungeon
 16989 | D:10     | Found Fets's Armour Shop.
 16989 | D:10     | Found a staircase to the Orcish Mines.
 16991 | D:10     | Found Zanetru's Weapon Shop.
 17020 | D:10     | Bought a scarf of spirit shield for 117 gold pieces
 18226 | D:10     | Found Haonea's Distillery.
 18233 | D:10     | Bought a potion of haste for 110 gold pieces
 18233 | D:10     | Bought 2 potions of invisibility for 176 gold pieces
 18233 | D:10     | Bought a potion of haste for 110 gold pieces
 18233 | D:10     | Bought a potion of heal wounds for 55 gold pieces
 18233 | D:10     | Bought 2 potions of agility for 88 gold pieces
 18376 | D:10     | Reached skill level 1 in Throwing
 19080 | D:10     | Reached XP level 13. HP: 80/133 MP: 10/19
 19426 | D:11     | Reached skill level 16 in Maces & Flails
 21556 | D:11     | Reached skill level 5 in Throwing
 23736 | Lair:6   | Entered Level 6 of the Lair of Beasts
 24335 | Lair:6   | Reached skill level 5 in Dodging
 24525 | Lair:6   | Paralysed by a hornet for 3 turns
 24977 | Lair:6   | Noticed Nessos
 24988 | Lair:6   | Killed Nessos
 24988 | Lair:6   | Reached XP level 14. HP: 143/143 MP: 20/20
 25044 | Lair:6   | Reached skill level 17 in Maces & Flails
 25073 | Lair:6   | Found a staircase to the Slime Pits.
 25102 | Lair:6   | Learned a level 2 spell: Song of Slaying
 25455 | Lair:6   | Identified a scroll of acquirement
 25456 | Lair:6   | Got a shimmering hat
 25473 | Lair:6   | Identified the +1 hat of the Midnight Sun {rF++} (You
                  | acquired it on level 6 of the Lair of Beasts)
 26399 | Lair:1   | Bought a glowing scarf for 256 gold pieces
 26760 | D:12     | Gained mutation: Armour fits poorly on your strangely
                  | shaped body. [potion of mutation]
 26760 | D:12     | Gained mutation: Your body sometimes deteriorates upon
                  | taking damage. [potion of mutation]
 26760 | D:12     | Gained mutation: You are somewhat resistant to further
                  | mutation. [potion of mutation]
 26948 | D:12     | Found a portal to a secret trove of treasure.
 27124 | D:12     | Learned a level 2 spell: Blink
 27487 | D:13     | Found Fufos's Jewellery Boutique.
 27491 | D:13     | Bought an uncursed ring of poison resistance for 220 gold
                  | pieces
 27491 | D:13     | Bought a cursed -2 ring of dexterity for 22 gold pieces
 27499 | D:13     | Found Veif's Gadget Boutique.
 27625 | D:13     | Found Zysor's Antique Armour Shop.
 27649 | D:13     | Found Tuopp's Jewellery Boutique.
 27669 | D:13     | Bought an uncursed ring of see invisible for 255 gold
                  | pieces
 27669 | D:13     | Bought a cursed amulet of inaccuracy for 34 gold pieces
 27679 | D:13     | Reached skill level 1 in Translocations
 27985 | D:13     | Found Gaykitug's Book Shop.
 27993 | D:13     | Bought a book of Cantrips for 260 gold pieces
 27996 | D:13     | Learned a level 1 spell: Animate Skeleton
 27998 | D:13     | Learned a level 1 spell: Apportation
 28107 | D:13     | Found a gate to the Vaults.
 28207 | D:13     | Found a runed door.
 28256 | D:13     | Reached skill level 18 in Maces & Flails
 28256 | D:13     | Reached skill level 5 in Spellcasting
 29141 | D:13     | Found a roughly hewn altar of Beogh.
 29255 | D:14     | Reached XP level 15. HP: 119/150 MP: 25/25
 30054 | Orc:1    | Entered Level 1 of the Orcish Mines
 30055 | Orc:1    | Upgraded the game from 0.23-a0-139-ga22e90c45f to
                  | 0.23-a0-143-g1adec7bb76
 30363 | Orc:2    | Entered Level 2 of the Orcish Mines
 30376 | Orc:1    | Slain by an ettin

Vault maps used:
D:1:      giann_bridges
D:2:      kennysheep_slug_shrine, kennysheep_nondescript, grunt_ministairs_9,
          serial_bayou_pond_a
D:3:      lemuel_crystal_altar, yredelemnul_forgotten_temple_becter,
          lemuel_crystal_altar, uniq_crazy_yiuf_cottage
D:4:      old_standard_altar, kennysheep_mini_moat,
          grunt_dithmenos_smoke_and_mirrors, first_ration
D:5:      nicolae_gozag_seed_capital, lightli_temple_of_fire, temple_green,
          minmay_joined_circles, uniq_blork_the_orc
D:6:      lemuel_crystal_altar, basic_altar, minivault_24, kb_rosetta,
          uniq_duvessa
D:7:      overflow_temple_1_default, ashenzari_altar_1, serial_corexii_hall,
          corexii_hall_statues_x, corexii_hall_statues_u
D:8:      old_forge, grunt_livestock
D:9:      david_lair_shrubbed, uniq_joseph
D:10:     orc_david_3, serial_shops, nicolae_shop_competitors_out_of_business,
          serial_gnoll_camp, gnoll_camp_huts_moat, gnoll_camp_mini_doghouse,
          gnoll_camp_mini_doghouse, gnoll_camp_mini_house,
          gnoll_camp_mini_house, grunt_ministairs_12, hangedman_decor_push
D:11:     minivault_29
D:12:     enter_trove_3
D:13:     lightli_vaults_fourway_checkpoint, serial_shops,
          nicolae_shop_behind_doors, shop, nicolae_shop_crystal, shop, shop,
          lightli_church_of_beogh
D:14:     st_stairs_1, david_greed
Temple:   dpeg_chambers_temple
Lair:1:   lab_entry_generic, st_stairs_12, grunt_megastairs_5
Lair:2:   grunt_megastairs_1, infiniplex_staircase_pool, uniq_fannar
Lair:3:   minmay_shoals_entry_lonely_mermaid, dummy_spider_entry,
          lemuel_fruit_tree, lemuel_fruit_fields
Lair:4:   ebering_ghost_disaster_area, guppyfry_lair_drakes
Lair:5:   lemuel_fruit_fields
Lair:6:   minmay_lair_end_enchanted_forest, slime_dummy, uniq_nessos
Orc:1:    serial_shops, shop, minmay_orc_treasury
Orc:2:    grunt_orc_cross, okawaru_metal_pillars_1_2, uniq_donald

Skill      XL: |  1  2  3  4  5  6  7  8  9 10 11 12 13 14 15 |
---------------+----------------------------------------------+-----
Maces & Flails | 3 4 5 7 9 12 14 15 16 18 | 18.2
Dodging        | 3 4 5 7 |  7.0
Stealth        | 2 |  2.0
Fighting       | 5 6 7 10 11 | 11.1
Evocations     | 1 2 4 |  4.0
Armour         | 2 |  2.0
Spellcasting   | 4 7 |  7.0
Charms         | 2 |  2.0
Necromancy     | 2 |  2.1
Throwing       | 2 7 |  7.0
Translocations | 2 |  2.1

Action                   |  1- 3 |  4- 6 |  7- 9 | 10-12 | 13-15 || total
-------------------------+-------+-------+-------+-------+-------++-------
Melee: Mace              |   116 |   241 |    18 |       |       ||   375
       Quarterstaff      |       |       |   248 |   196 |       ||   444
       Giant club        |       |       |       |   460 |       ||   460
       Giant spiked club |       |       |       |    62 |   931 ||   993
       Morningstar       |       |       |       |    13 |       ||    13
       Great mace        |       |       |       |       |   167 ||   167
Throw: Tomahawk          |     3 |     6 |       |     7 |       ||    16
       Javelin           |       |       |       |    19 |       ||    19
       Large rock        |       |       |       |     6 |    23 ||    29
       Throwing net      |       |       |       |     1 |       ||     1
 Cast: Regeneration      |       |       |       |       |     2 ||     2
       Song of Slaying   |       |       |       |       |     1 ||     1
Invok: Call Merchant     |       |       |       |     2 |     1 ||     3
       Potion Petition   |       |       |       |       |     1 ||     1
 Abil: Evoke Berserk Rag |       |       |       |     3 |       ||     3
Evoke: Wand              |       |     3 |     3 |    25 |    14 ||    45
       Lamp of fire      |       |       |       |     1 |       ||     1
  Use: Potion            |       |    11 |     4 |     3 |     8 ||    26
       Scroll            |       |     5 |     8 |     6 |     7 ||    26
 Stab: Sleeping          |     3 |     5 |     3 |     4 |     4 ||    19
       Distracted        |       |     1 |     2 |     3 |     6 ||    12
       Held in net/web   |       |       |       |     2 |       ||     2
       Paralysed         |       |       |       |     2 |       ||     2
  Eat: Chunk             |     1 |     7 |       |       |       ||     8
       Ration            |       |     1 |     3 |    12 |    12 ||    28
Armor: Robe              |    22 |    59 |    50 |   183 |   186 ||   500
Dodge: Dodged            |    92 |   189 |   158 |   550 |   762 ||  1751

Table legend:
 A = Non-vault XP
 B = Vault XP
 C = Vault XP percentage of total XP
 D = Non-vault monster count
 E = Vault monster count
 F = Vault count percentage of total count
                 A         B        C        D         E       F
            +---------+---------+-------+---------+---------+-------
      Total |   58997 |   33702 |  36.4 |     412 |     213 |  34.1
            +---------+---------+-------+---------+---------+-------
        D:1 |      47 |       0 |   0.0 |      24 |       0 |   0.0
        D:2 |     109 |       7 |   6.0 |      26 |       3 |  10.3
        D:3 |      37 |      42 |  53.2 |      13 |       2 |  13.3
        D:4 |      59 |       0 |   0.0 |       8 |       0 |   0.0
        D:5 |    1288 |     458 |  26.2 |      29 |       9 |  23.7
        D:6 |     353 |     476 |  57.4 |      13 |       6 |  31.6
        D:7 |     935 |       0 |   0.0 |      10 |       0 |   0.0
        D:8 |    1090 |    1508 |  58.0 |      18 |      17 |  48.6
        D:9 |    4076 |     854 |  17.3 |      15 |       2 |  11.8
       D:10 |    4213 |    1724 |  29.0 |      37 |      51 |  58.0
       D:11 |    4147 |    3974 |  48.9 |      29 |      35 |  54.7
       D:12 |    4676 |     704 |  13.1 |      21 |       6 |  22.2
       D:13 |    4567 |    8378 |  64.7 |      22 |      21 |  48.8
       D:14 |    3866 |     729 |  15.9 |      15 |       2 |  11.8
     Lair:1 |    1578 |     584 |  27.0 |       6 |       3 |  33.3
     Lair:2 |    4164 |    2036 |  32.8 |      23 |       5 |  17.9
     Lair:3 |    3048 |     474 |  13.5 |      17 |       1 |   5.6
     Lair:4 |    3748 |     444 |  10.6 |      21 |       1 |   4.5
     Lair:5 |    5570 |       0 |   0.0 |      20 |       0 |   0.0
     Lair:6 |   10328 |   11310 |  52.3 |      39 |      49 |  55.7
      Orc:1 |     464 |       0 |   0.0 |       5 |       0 |   0.0
      Orc:2 |     634 |       0 |   0.0 |       1 |       0 |   0.0
            +---------+---------+-------+---------+---------+-------
